Celery, chaotic female sylph Rogue -------- ---------- ---------------- |......| |........| |..............| ##-......| |........| |..............| # ---.---- #..<......| |.>........{...-##### # ###|........| ----------|----- # # |........| # # ### ### --.------- `##### `##################`#### # ### # -|-%- ---.-# # ### ##.....######....|# ### # |.du| # # |...|# # ######### ################..E.|### |....###########`#### ---|------ # |.[.-# |...|# ---.--.---- |........| ### ----- |....# |....{....| |........| # |...|`########.....^....| |.........## -----# |....[....| |........| ----------- ---------- Celery the Rogue Experience level: 6 Strength: 12 Dexterity: 19 Constitution: 17 Intelligence: 9 Wisdom: 11 Charisma: 10 Health: 0(57) Energy: 24(24) Def: 1 Gold: 0 Moves: 4057 Dungeon seed: J_n_CGhw7xNBBRk_ Game ID: Celery_1470420357 Your Inventory: Weapons k - 11 uncursed +0 daggers (in quiver) M - a blessed +2 dagger (weapon in hand) Armor e - an uncursed +0 oilskin cloak (being worn) q - an uncursed +0 small shield (being worn) r - an uncursed +0 pair of water walking boots Comestibles W - an uncursed carrot Wands h - an uncursed wand of opening (0:3) D - an uncursed wand of teleportation (0:7) E - an uncursed wand of cold (0:6) Z - an uncursed wand of enlightenment (0:14) Tools d - an uncursed sack f - an uncursed skeleton key g - an uncursed blindfold l - an uncursed lock pick w - an uncursed tin whistle Q - an uncursed magic lamp T - an uncursed oil lamp (0:1451) Gems n - an uncursed jasper stone y - an uncursed worthless piece of blue glass z - 2 uncursed worthless pieces of yellow glass Contents of the sack: 858 gold pieces an uncursed scroll of blank paper an uncursed scroll of enchant armor an uncursed scroll of teleportation an uncursed spellbook of detect treasure an uncursed potion of booze an uncursed potion of extra healing an uncursed potion of gain energy an uncursed potion of healing a potion of holy water an uncursed potion of sickness a cursed potion of sleeping Spells and supernatural/magical abilities: Name Level Category Fail Memory W - pray for help -- divine ? -- Your skills at the end: Miscellaneous Skills wands [Basic] Weapon Skills dagger [Basic] short sword [Basic] Spellcasting Skills healing spells [Basic] Final Attributes: You were piously aligned. You saw invisible. You had infravision. You were stealthy. You were protected from shape changers. You are dead. Vanquished creatures: a small mimic a lizard an imp 2 rock piercers a yellow light a gnome lord 2 floating eyes a dwarf 3 iguanas a rothe a rabid rat a giant bat a dwarf zombie a wererat 5 killer bees a hobbit an acid blob a gecko a brown mold 6 garter snakes a gnome zombie 8 jackals a fox 9 newts a goblin a bat 5 lichens 59 creatures vanquished. Voluntary challenges: You followed a strict vegan diet. You did not adorn yourself with jewelry or accessories. You used a wielded weapon 94 times, starting on turn 59. You did not apply a unicorn horn. You read items or engraved 8 times, starting on turn 1095. You never genocided any monsters. You never polymorphed an object. You never changed form. You used no wishes. You never split a pudding. You never wrote Elbereth's name. You never violated your personal moral code. Dungeon overview: The Dungeons of Doom: levels 1 to 7 Level 1 a fountain a long staircase Level 2 Level 3 an armor shop, a fountain a long staircase Level 4 an altar to Kos Level 5 Level 6 Level 7 <- You were here some fountains History has recorded: On T:1 you entered the Dungeons of Doom to retrieve the Amulet of Yendor! On T:356 you reached level 2 of The Dungeons of Doom. On T:485 you advanced to experience level 2. On T:715 you reached level 3 of The Dungeons of Doom. On T:826 you advanced to experience level 3. On T:1087 you advanced to experience level 4. On T:1363 you reached level 4 of The Dungeons of Doom. On T:2174 you reached level 5 of The Dungeons of Doom. On T:2963 you advanced to experience level 5. On T:3136 you reached level 6 of The Dungeons of Doom. On T:3674 you reached level 7 of The Dungeons of Doom. On T:4040 you advanced to experience level 6. Score breakdown: Gold: 858 ( 85 points) Experience: 6 levels ( 500 points) Exploration: 7 levels ( 180 points) Discoveries: 9 items ( 450 points) Variety of kills: 27 monsters ( 1350 points) Major goal: (nothing yet) ( 0 points) Survival: died (score multiplied by 3) Total score: 7695 Latest messages: The white unicorn butts! The white unicorn kicks! You throw 2 daggers. The 1st dagger hits the white unicorn. The 2nd dagger hits the white unicorn. The white unicorn butts! The white unicorn kicks! k - 2 uncursed +0 daggers (in quiver). The white unicorn butts! The white unicorn kicks! God bites the white unicorn. God misses the white unicorn. The white unicorn butts! The white unicorn kicks! God misses the white unicorn. The white unicorn butts! The white unicorn kicks! God misses the white unicorn. The bolt of cold hits the white unicorn! The bolt of cold bounces! The white unicorn butts! The white unicorn kicks! You die... Final status: Goodbye Celery the Rogue, killed by a white unicorn... You died in The Dungeons of Doom on dungeon level 7 with 7695 points, and 858 pieces of gold, after 4057 moves. You were level 6 with a maximum of 57 hit points when you died.